AoeStats
← Majfon

MegaRandom

509438746Analyzed
4v4 RM · 7d ago on Sep 26, 2026· 35m 47s· 8 players
Game mode
Random Map
Map size
Large (8 player)
Population
200
Speed
Normal
Resources
Standard
Victory
Conquest
Starting age
Dark Age
Ending age
Imperial Age
RankedLock teamsTeams togetherTeam positionsShared explorationLock speedFull tech treeHidden civsTurbo modeCheats
Victory
Defeat
🇺🇸 Franks · United States
1074
+14
🇺🇸 Maya · United States
1035
+15
🇧🇷 Danes · Brazil
1006
+17
🇺🇸 Huns · United States
957
+18
🇵🇱 Britons · Poland
1037
-17
🇺🇸 Vietnamese · United States
1028
-16
🇺🇸 Berbers · United States
1021
-16
🇨🇭 Wei · Switzerland
1004
-15
skiwarz
11:17 Feudal Age
9:39 Loom
15:49 Castle Age
14:04 Scale Barding Armor
22:20 Bloodlines
22:23 Forging
23:02 Double-Bit Axe
25:14 Wheelbarrow
25:14 Chain Barding Armor
26:17 Fletching
28:33 Bow Saw
Flaco
11:47 Feudal Age
10:35 Loom
12:49 Double-Bit Axe
12:47 Horse Collar
14:00 Wheelbarrow
15:25 Fletching
19:42 Castle Age
19:42 Gold Mining
19:43 Stone Mining
21:05 Hand Cart
21:29 Stone Shaft Mining
21:08 Bow Saw
23:21 Crossbowman
23:59 Bodkin Arrow
24:05 Padded Archer Armor
26:16 Heavy Plow
28:46 Elite Skirmisher
29:31 Thumb Ring
Majfon
12:22 Feudal Age
13:51 Horse Collar
13:59 Double-Bit Axe
18:27 Castle Age
17:34 Gold Mining
17:38 Stone Mining
20:14 Wheelbarrow
19:42 Heavy Plow
19:56 Bow Saw
Twör
8:57 Loom
11:33 Feudal Age
12:30 Double-Bit Axe
13:03 Horse Collar
17:56 Castle Age
17:14 Gold Mining
18:27 Bloodlines
20:26 Wheelbarrow
20:10 Fishing Lines
21:30 Heavy Plow
22:13 Forging
24:57 Scale Barding Armor
25:28 Iron Casting
25:22 Gillnets
25:38 Stone Mining
27:17 Gold Shaft Mining
27:50 Husbandry
28:45 Medium Warships
34:45 Chain Barding Armor
Dragonfire_bane
1:44 Loom
11:11 Feudal Age
21:24 Castle Age
20:25 Fletching
20:36 Padded Archer Armor
24:55 Horse Collar
25:02 Double-Bit Axe
27:02 Bow Saw
27:44 Heavy Plow
28:35 Bodkin Arrow
29:40 Leather Archer Armor
31:29 Thumb Ring
33:17 Forging
33:12 Scale Barding Armor
35:05 Ballistics
35:23 Wheelbarrow
34:42 Gold Mining
NoLawsClaws
7:31 Loom
13:30 Feudal Age
13:58 Double-Bit Axe
14:02 Fishing Lines
16:08 Gold Mining
16:10 Stone Mining
16:10 Gold Mining
21:54 Castle Age
25:29 Gillnets
26:46 Gold Shaft Mining
26:23 Bow Saw
28:05 Wheelbarrow
29:00 Pikeman
29:25 Gambesons
29:41 Squires
32:18 Forging
32:08 Scale Mail Armor
33:48 Fletching
34:35 Iron Casting
34:15 Chain Mail Armor
The Lemons
3:06 Loom
13:54 Feudal Age
14:39 Double-Bit Axe
19:06 Castle Age
17:20 Fletching
21:00 Crossbowman
23:01 Bodkin Arrow
23:06 Padded Archer Armor
24:09 Thumb Ring
32:07 Leather Archer Armor
32:24 Horse Collar
35:36 Bow Saw
aos.ceus
2:34 Loom
16:06 Feudal Age
17:10 Horse Collar
20:42 Castle Age
19:08 Forging
18:59 Scale Mail Armor
18:54 Arson
21:38 Stone Mining
21:42 Gold Mining
21:47 Double-Bit Axe
34:38 Imperial Age
33:30 Iron Casting
32:46 Fletching
Connection lost

Rejoining the realm…

Still unreachable

The connection could not be restored.

Session expired

The server has moved on; the page needs a fresh start.